[Event "Schachsommer 2019"]
[Site "Dresden"]
[Date "2019.08.15"]
[Round "7.4"]
[White "Siedentopf, Daniel"]
[Black "Mkrtchian, Lilit"]
[Result "0-1"]
[ECO "E20"]
[WhiteElo "2294"]
[BlackElo "2395"]
[Annotator "NA"]
[PlyCount "82"]
[EventDate "2019.08.10"]
[EventType "swiss"]
[EventCountry "GER"]
[SourceTitle "playchess.com"]
[Source "ChessBase"]
[SourceQuality "1"]
[TimeControl "40/5400+30:1800+30"]

1. d4 Nf6 2. c4 e6 3. Nc3 Bb4 4. f3 c5 5. d5 O-O 6. e4 Re8 7. Nge2 exd5 8. cxd5 d6 9. Ng3 Nbd7 10. Be2 a6 11. O-O Ba5 12. Kh1 Rb8 13. Qc2 Qc7 14. Nd1 b5 15. Ne3 c4 16. Nef5 Ne5 17. Bg5 Bxf5 18. Nxf5 Nfd7 19. Ne7+ Rxe7 20. Bxe7 f6 21. a4 Bb6 22. axb5 axb5 23. b3 Ng6 24. bxc4 Nxe7 25. Qb3 b4 26. Qxb4 Bd4 27. Qa5 Qxa5 28. Rxa5 Rb2 29. Bd1 Ne5 30. Ra8+ Kf7 31. Ba4 g5 32. h4 gxh4 33. f4 Nd3 34. Kh2 Nxf4 35. Rxf4 Be5 36. Kh3 Bxf4 37. Be8+ Kg7 38. Ra7 Kf8 39. Ra8 Be3 40. Bb5+ Kg7 41. Rd8 Ng6 0-1

[Event "Schachsommer 2019"]
[Site "Dresden"]
[Date "2019.08.15"]
[Round "7.5"]
[White "Gajek, Radoslaw"]
[Black "Efimenko, Maria"]
[Result "0-1"]
[ECO "B06"]
[WhiteElo "2423"]
[BlackElo "2239"]
[Annotator "NA"]
[PlyCount "134"]
[EventDate "2019.08.10"]
[EventType "swiss"]
[EventCountry "GER"]
[SourceTitle "playchess.com"]
[Source "ChessBase"]
[SourceQuality "1"]
[TimeControl "40/5400+30:1800+30"]

1. e4 g6 2. d4 d6 3. Nc3 Bg7 4. f4 Nc6 5. d5 Nd4 6. Be3 c5 7. dxc6 Nxc6 8. Bc4 Nf6 9. Nf3 O-O 10. Qe2 a6 11. O-O-O b5 12. Bb3 Na5 13. e5 Nxb3+ 14. axb3 Ng4 15. Bd4 dxe5 16. Nxe5 Nxe5 17. Bxe5 Qa5 18. Bxg7 Kxg7 19. Qe5+ f6 20. Qxe7+ Rf7 21. Qa3 Qb6 22. Nd5 Qc6 23. Rhe1 Bg4 24. Rd2 a5 25. h3 Bd7 26. Kb1 b4 27. Qa2 Be6 28. Red1 Rd7 29. c4 bxc3 30. Nxc3 Rxd2 31. Rxd2 a4 32. Qa3 Bf5+ 33. Kc1 axb3 34. Qe7+ Kh6 35. Rd5 Qc4 36. g3 Qf1+ 37. Kd2 Qg2+ 38. Qe2 Qxg3 39. Rd4 Qxh3 40. Qe7 Qg2+ 41. Qe2 Qxe2+ 42. Kxe2 Kh5 43. Nd5 Ra6 44. Ne3 Ra2 45. Rd2 Be4 46. Kf2 g5 47. f5 g4 48. Kg3 Kg5 49. Rd8 Rxb2 50. Rg8+ Kh5 51. Rg7 Re2 52. Rxh7+ Kg5 53. Rg7+ Kh6 54. Rg6+ Kh7 55. Nd1 b2 56. Nxb2 Rxb2 57. Rxf6 Bf3 58. Rd6 Rb4 59. Kh4 Kg7 60. Kg3 Kf7 61. Ra6 Rb3 62. Rh6 Bd1+ 63. Kf4 Rb4+ 64. Kg3 Bc2 65. f6 Bg6 66. Rh4 Bf5 67. Rh6 Rb6 0-1

[Event "Schachsommer 2019"]
[Site "Dresden"]
[Date "2019.08.17"]
[Round "8.2"]
[White "Jablonicky, Martin"]
[Black "Kambrath, Yannick"]
[Result "1-0"]
[ECO "B90"]
[WhiteElo "2378"]
[BlackElo "2344"]
[Annotator "ChessBase"]
[PlyCount "45"]
[EventDate "2019.08.10"]
[EventType "swiss"]
[EventCountry "GER"]
[SourceTitle "playchess.com"]
[Source "ChessBase"]
[SourceQuality "1"]
[TimeControl "40/5400+30:1800+30"]

1. e4 c5 2. Nf3 d6 3. d4 cxd4 4. Nxd4 Nf6 5. Nc3 a6 6. h4 e5 7. Nb3 Be6 8. f4 Nbd7 9. f5 Bxb3 10. axb3 d5 11. Nxd5 Nxe4 12. Qf3 Nd6 13. Bd2 Qc8 14. Ba5 Nb5 15. Bxb5 axb5 16. Nc7+ Qxc7 17. Bxc7 Rxa1+ 18. Ke2 Rxh1 19. Qxb7 Ke7 20. Qc8 Kf6 21. Qxd7 Be7 22. Qxb5 Kxf5 23. Qxe5+ 1-0

[Event "Schachsommer 2019"]
[Site "Dresden"]
[Date "2019.08.17"]
[Round "8.4"]
[White "Dann, Matthias"]
[Black "Dahl, Christoph"]
[Result "0-1"]
[ECO "C83"]
[WhiteElo "2527"]
[BlackElo "2063"]
[Annotator "ChessBase"]
[PlyCount "126"]
[EventDate "2019.08.10"]
[EventType "swiss"]
[EventCountry "GER"]
[SourceTitle "playchess.com"]
[Source "ChessBase"]
[SourceQuality "1"]
[TimeControl "40/5400+30:1800+30"]

1. e4 e5 2. Nf3 Nc6 3. Bb5 a6 4. Ba4 Nf6 5. O-O Nxe4 6. d4 b5 7. Bb3 d5 8. dxe5 Be6 9. Be3 Be7 10. c3 O-O 11. Nbd2 Qd7 12. h3 Rad8 13. Re1 h6 14. Nd4 Nxd2 15. Qxd2 Nxe5 16. Bxh6 Nc4 17. Bxc4 dxc4 18. Nxe6 fxe6 19. Qxd7 Rxd7 20. Be3 e5 21. a4 Rfd8 22. axb5 axb5 23. Ra5 Rd5 24. Kf1 Kf7 25. Ke2 Kg6 26. Ra6+ R5d6 27. Rea1 c6 28. Ra8 Bg5 29. Rxd8 Rxd8 30. Rd1 Rd5 31. Rd2 Kf5 32. g3 Bxe3 33. Kxe3 g6 34. f3 g5 35. h4 g4 36. fxg4+ Kxg4 37. Rg2 Rd1 38. h5 Rh1 39. h6 Rxh6 40. Ke4 Re6 41. Rg1 Re7 42. Rd1 Kxg3 43. Rd6 Rh7 44. Rg6+ Kf2 45. Rxc6 Rh4+ 46. Kxe5 Ke3 47. Rg6 Rh2 48. Rg3+ Kd2 49. Kd4 Kc1 50. Rg5 Rxb2 51. Rh5 Kc2 52. Rh3 Kb3 53. Kc5 Rc2 54. Kxb5 Rxc3 55. Rh4 Rc1 56. Rg4 c3 57. Rb4+ Kc2 58. Rg4 Rb1+ 59. Ka4 Kb2 60. Rb4+ Kc1 61. Rg4 c2 62. Ka3 Kd2 63. Rg2+ Kd3 0-1

[Event "Schachsommer 2019"]
[Site "Dresden"]
[Date "2019.08.17"]
[Round "8.5"]
[White "Siedentopf, Daniel"]
[Black "Nothnagel, Marian Can"]
[Result "0-1"]
[ECO "E92"]
[WhiteElo "2294"]
[BlackElo "2388"]
[Annotator "ChessBase"]
[PlyCount "74"]
[EventDate "2019.08.10"]
[EventType "swiss"]
[EventCountry "GER"]
[SourceTitle "playchess.com"]
[Source "ChessBase"]
[SourceQuality "1"]
[TimeControl "40/5400+30:1800+30"]

1. d4 Nf6 2. c4 g6 3. Nc3 Bg7 4. e4 d6 5. Nf3 O-O 6. h3 e5 7. d5 a5 8. Bg5 Na6 9. Be2 Qe8 10. Nd2 Nd7 11. a3 f6 12. Bh4 Nb6 13. b3 Bh6 14. Rb1 Bd7 15. Qc2 c6 16. O-O cxd5 17. exd5 f5 18. b4 axb4 19. axb4 g5 20. Bg3 Nc8 21. f3 Qe7 22. Bf2 g4 23. fxg4 e4 24. Ndxe4 fxe4 25. Nxe4 Nc7 26. Bd3 Bg7 27. Rbe1 Be5 28. Be3 Rxf1+ 29. Rxf1 Ra1 30. Rxa1 Bxa1 31. Qf2 Ne8 32. g5 Qf7 33. Qh4 Ne7 34. g4 Qf3 35. Qxh7+ Kxh7 36. Nd2+ Bf5 37. Bxf5+ Nxf5 0-1

[Event "Schachsommer 2019"]
[Site "Dresden"]
[Date "2019.08.18"]
[Round "9.2"]
[White "Dahl, Christoph"]
[Black "Jablonicky, Martin"]
[Result "0-1"]
[ECO "B96"]
[WhiteElo "2063"]
[BlackElo "2378"]
[Annotator "NA"]
[PlyCount "64"]
[EventDate "2019.08.10"]
[EventType "swiss"]
[EventCountry "GER"]
[SourceTitle "playchess.com"]
[Source "ChessBase"]
[SourceQuality "1"]
[TimeControl "40/5400+30:1800+30"]

1. e4 c5 2. Nf3 d6 3. d4 cxd4 4. Nxd4 Nf6 5. Nc3 a6 6. Bg5 e6 7. f4 Nbd7 8. Qf3 h6 9. Bh4 e5 10. Nf5 exf4 11. Bxf6 Nxf6 12. Qxf4 Bxf5 13. Qxf5 g6 14. Qf3 Bg7 15. O-O-O Qc7 16. Kb1 O-O 17. g4 Rac8 18. Bd3 Qb6 19. e5 dxe5 20. Ne4 Nd5 21. Qf2 Nc3+ 22. Ka1 Qxf2 23. Nxf2 Nxd1 24. Rxd1 f5 25. gxf5 gxf5 26. c3 e4 27. Bc2 e3 28. Nd3 f4 29. Bb3+ Kh8 30. Be6 Rce8 31. Bg4 f3 32. Bh5 Rd8 0-1

[Event "Schachsommer 2019"]
[Site "Dresden"]
[Date "2019.08.18"]
[Round "9.3"]
[White "Nothnagel, Marian Can"]
[Black "Mkrtchian, Lilit"]
[Result "0-1"]
[ECO "B31"]
[WhiteElo "2388"]
[BlackElo "2395"]
[Annotator "NA"]
[PlyCount "74"]
[EventDate "2019.08.10"]
[EventType "swiss"]
[EventCountry "GER"]
[SourceTitle "playchess.com"]
[Source "ChessBase"]
[SourceQuality "1"]
[TimeControl "40/5400+30:1800+30"]

1. e4 c5 2. Nf3 Nc6 3. Bb5 g6 4. O-O Bg7 5. c3 Nf6 6. Re1 O-O 7. Bf1 e5 8. b4 cxb4 9. cxb4 d5 10. b5 dxe4 11. bxc6 exf3 12. Ba3 Re8 13. cxb7 Bxb7 14. gxf3 e4 15. Nc3 exf3 16. Rb1 Qd7 17. Rxe8+ Rxe8 18. Qa4 Bc6 19. Qf4 Nh5 20. Qd6 Qc8 21. Nd5 Bxd5 22. Qxd5 Qg4+ 23. Kh1 Nf4 24. Qc6 Rc8 25. Qe4 Nh3 26. Qxg4 Nxf2+ 27. Kg1 Nxg4 28. Rb4 h5 29. h3 Ne5 30. Re4 Rd8 31. Bc5 Rxd2 32. Bxa7 Rxa2 33. Bf2 g5 34. h4 g4 35. Bg3 Ng6 36. Rc4 Rd2 37. Bf2 Be5 0-1

[Event "Schachsommer 2019"]
[Site "Dresden"]
[Date "2019.08.18"]
[Round "9.4"]
[White "Kambrath, Yannick"]
[Black "Mirimanian, Hayk"]
[Result "1-0"]
[ECO "A28"]
[WhiteElo "2344"]
[BlackElo "2240"]
[Annotator "NA"]
[PlyCount "65"]
[EventDate "2019.08.10"]
[EventType "swiss"]
[EventCountry "GER"]
[SourceTitle "playchess.com"]
[Source "ChessBase"]
[SourceQuality "1"]
[TimeControl "40/5400+30:1800+30"]

1. c4 e5 2. Nc3 Nc6 3. Nf3 Nf6 4. e3 Bb4 5. Qc2 O-O 6. Nd5 Re8 7. Qf5 Nxd5 8. cxd5 d6 9. Qh5 Ne7 10. Ng5 Ng6 11. Bd3 Qf6 12. Nxh7 Qh4 13. Bxg6 Qxh5 14. Bxh5 Kxh7 15. Bxf7 Rf8 16. Bh5 e4 17. a3 Ba5 18. b4 Bb6 19. Bb2 Rf5 20. Bd1 c6 21. dxc6 bxc6 22. Bc2 d5 23. d3 Rg5 24. dxe4 Rxg2 25. exd5+ g6 26. Be4 Rg4 27. Bf3 Rc4 28. dxc6 Rc2 29. c7 Ba6 30. Bxa8 Re2+ 31. Kd1 Rxb2 32. Rc1 Bc8 33. Rc2 1-0

[Event "Schachsommer 2019"]
[Site "Dresden"]
[Date "2019.08.18"]
[Round "9.5"]
[White "Gajek, Radoslaw"]
[Black "Wichmann, Cliff"]
[Result "1-0"]
[ECO "E05"]
[WhiteElo "2423"]
[BlackElo "2280"]
[Annotator "NA"]
[PlyCount "79"]
[EventDate "2019.08.10"]
[EventType "swiss"]
[EventCountry "GER"]
[SourceTitle "playchess.com"]
[Source "ChessBase"]
[SourceQuality "1"]
[TimeControl "40/5400+30:1800+30"]

1. c4 e6 2. Nf3 d5 3. d4 Nf6 4. g3 Be7 5. Bg2 O-O 6. O-O dxc4 7. Qc2 b6 8. Ne5 Qxd4 9. Bxa8 Qxe5 10. Bf3 Nd5 11. Qxc4 Ba6 12. Qe4 Nd7 13. Nd2 Rd8 14. Nb3 Qxe4 15. Bxe4 Bxe2 16. Re1 Bc4 17. Nd2 Bb4 18. a3 Bxd2 19. Bxd2 Nc5 20. Bc2 Nd3 21. Re4 Ba6 22. b4 Nf6 23. Bg5 Rd5 24. Bxf6 gxf6 25. Rd1 Ne5 26. f4 Nf3+ 27. Kf2 Nd2 28. Re3 c6 29. Ke1 Nf1 30. Rc3 Nxh2 31. Rxd5 cxd5 32. Bd1 d4 33. Rc7 Nf1 34. Rxa7 Bd3 35. Be2 Bxe2 36. Kxe2 Nxg3+ 37. Kf3 Nf5 38. a4 h5 39. a5 bxa5 40. bxa5 1-0